 Dungeon Crawl Stone Soup version 0.23.2-1-ga50397a (webtiles) character file.

Game seed: 401432100143343453

41 Kairos the Skirmisher (level 3, 23/30 HPs)
             Began as a Formicid Abyssal Knight on Apr 17, 2019.
             Was a Follower of Lugonu.
             Quit the game on level 2 of the Dungeon.
             The game lasted 00:03:37 (1297 turns).

Kairos the Skirmisher (Formicid Abyssal Knight)     Turns: 1297, Time: 00:03:38

Health: 23/30      AC:  3    Str: 17    XL:     3   Next: 75%
Magic:  4/4        EV: 11    Int: 11    God:    Lugonu [*.....]
Gold:   75         SH:  0    Dex: 10    Spells: 2/2 levels left

rFire    . . .     SeeInvis +   g - +0 quarterstaff
rCold    . . .     Gourm    .   (no shield)
rNeg     . . .     Faith    .   b - +0 leather armour
rPois    .         Spirit   .   (helmet unavailable)
rElec    .         Reflect  .   (no cloak)
rCorr    .         Harm     +   (no gloves)
MR       .....                  (no boots)
Stlth    +.........             i - amulet of harm
HPRegen  0.10/turn              (no ring)
MPRegen  0.09/turn              (no ring)

@: no status effects
A: permanent stasis, dig shafts and tunnels, four strong arms, antennae 3
a: Dig, Shaft Self, Depart the Abyss, Renounce Religion


You were on level 2 of the Dungeon.
You worshipped Lugonu.
Lugonu was aware of your devotion.
You were very hungry.

You visited 1 branch of the dungeon, and saw 2 of its levels.
You visited the Abyss 1 time.

You collected 75 gold pieces.

Inventory:

Hand Weapons
 a - a +1 spear
 g - a +0 quarterstaff (weapon)
Armour
 b - a +0 leather armour (worn)
Jewellery
 i - an amulet of harm (around neck)
Scrolls
 d - a scroll of amnesia {unknown}
 e - 2 scrolls of enchant armour
 f - 2 scrolls of teleportation
 h - a scroll of remove curse
 j - a scroll of immolation {unknown}
Potions
 k - a potion of degeneration
Comestibles
 c - 2 rations


   Skills:
 + Level 4.0 Fighting
 + Level 2.1(2.3) Polearms
 + Level 1.2(1.9) Staves
 + Level 2.4 Armour
 + Level 1.4 Dodging
 + Level 2.2 Invocations


You had 2 spell levels left.
You didn't know any spells.
Your spell library was empty.

Dungeon Overview and Level Annotations

Branches:
Dungeon (2/15)

Altars:


Innate Abilities, Weirdness & Mutations

You cannot be hasted, slowed, berserked, paralysed or teleported.
You can dig through walls and to a lower floor.
Your four strong arms can wield two-handed weapons with a shield.
You have a pair of large antennae on your head. (SInv)


Message History

A hobgoblin is nearby!
You barely miss the hobgoblin.
The hobgoblin is heavily wounded.
The hobgoblin closely misses you.
A hobgoblin is nearby!
You closely miss the hobgoblin.
The hobgoblin is heavily wounded.
The hobgoblin misses you.
The hobgoblin hits you with a cursed -2 club.
You hit the hobgoblin but do no damage.
The hobgoblin is heavily wounded.
The hobgoblin hits you with a cursed -2 club.
A hobgoblin is nearby!
You barely miss the hobgoblin.
The hobgoblin is heavily wounded.
The hobgoblin hits you with a cursed -2 club.
A hobgoblin is nearby!
A hobgoblin is nearby!
A hobgoblin is nearby!
Are you sure you want to abandon this character and quit the game? (Confirm with "yes".)

#.........# #.........#
#.........#
########.........##
#...>..'..........#
#.##.###..........#
#.##.# #..........#
#.##.# ##########.#
..##.#####.....g@.#
...#...[.+......(......<
...#.....#.......#.#####
..รท#.....#.......#..#
...'.....##########.##
...#.....##....# ..#
...#.....##.##.#####.##
...#.....##.#.........#
...#.....'..#######.#.##
.#


You could see a hobgoblin.

Vanquished Creatures
  An adder (D:2)
  An ooze (D:2)
  A dart slug (D:1)
  2 leopard geckos
  4 bats (D:1)
  A giant cockroach (D:1)
  2 goblins
  A hobgoblin (D:1)
  6 kobolds
  A frilled lizard (D:1)
  5 rats
25 creatures vanquished.

Vanquished Creatures (others)
  2 starspawn tentacles (Abyss:2)
2 creatures vanquished.

Grand Total: 27 creatures vanquished

Notes
Turn   | Place    | Note
-------+----------+-------------------------------------------
     0 | Abyss:1  | Kairos the Formicid Abyssal Knight began the quest for the
                  | Orb.
     0 | Abyss:1  | Reached XP level 1. HP: 18/18 MP: 2/2
    22 | Abyss:1  | Found an ornate altar of the Wu Jian Council.
    43 | Abyss:1  | Noticed an iron imp
    55 | Abyss:2  | Found a corrupted altar of Lugonu.
    85 | Abyss:2  | Noticed a tentacled starspawn
   104 | Abyss:2  | Noticed a sixfirhy
   107 | D:1      | Escaped the Abyss
   148 | D:1      | Reached XP level 2. HP: 20/24 MP: 3/3
   456 | D:1      | Reached skill level 1 in Dodging
   505 | D:1      | Reached skill level 1 in Staves
   523 | D:1      | Reached * piety under Lugonu
   523 | D:1      | Reached XP level 3. HP: 28/30 MP: 4/4
   834 | D:2      | Reached skill level 4 in Fighting
   843 | D:2      | HP: 1/30 [poisoned by an adder]
  1297 | D:2      | Quit the game

Skill      XL: |  1  2  3 |
---------------+----------+-----
Dodging        | 1 |  1.4
Staves         | 1 |  1.2
Fighting       | 4 |  4.0
Polearms       | |  2.1
Armour         | |  2.4
Invocations    | |  2.2

Action                   || total
-------------------------++-------
Melee: Quarterstaff      ||    77
Invok: Depart the Abyss  ||     1
 Abil: Dig               ||     4
  Use: Scroll            ||     5
       Potion            ||     1
Armor: Leather armour    ||    31
Dodge: Dodged            ||    62
